[Event "Czech Open-GM 2022"]
[Site "Pardubice"]
[Date "2022.07.25"]
[Round "4.21"]
[White "Dobrowolski, Piotr"]
[Black "Nemec, Vjekoslav"]
[Result "1-0"]
[ECO "B99"]
[WhiteElo "2423"]
[BlackElo "2243"]
[Annotator "TA"]
[PlyCount "97"]
[EventDate "2022.07.22"]
[EventType "swiss"]
[EventCountry "CZE"]
[SourceTitle "playchess.com"]
[Source "ChessBase"]
[SourceQuality "1"]
[TimeControl "40/5400+30:1800+30"]

1. e4 c5 2. Nf3 d6 3. d4 cxd4 4. Nxd4 Nf6 5. Nc3 a6 6. Bg5 e6 7. f4 Be7 8. Qf3 Qc7 9. O-O-O Nbd7 10. f5 e5 {[%emt 0:06:03] B99: Sicilian Najdorf: 6 Bg5 e6 7 f4 Be7 8 Qf3 Qc7 9 0-0-0 Nbd7.} 11. Nde2 (11. Nb3 $14) 11... b5 $1 $15 12. Bxf6 Nxf6 {[%emt 0:00:20] Black is slightly better.} 13. Nd5 Nxd5 14. exd5 Bd7 (14... b4 $15) 15. Ng3 $1 $11 Rc8 16. Bd3 {[%emt 0:01:17] Active counter play!} Bf6 {[%emt 0:04:59] [#]} ({Better is} 16... O-O $11) 17. Ne4 $146 ({Predecessor:} 17. Nh5 Ke7 18. h4 h6 19. g4 Qa5 20. Kb1 Qb4 21. a3 Qa4 22. Rdg1 b4 23. g5 bxa3 24. gxf6+ gxf6 {0-1 (57) Lagunow,R (2378)-Klimkowski,J (2296) Chess.com INT 2021}) 17... h5 18. g3 b4 19. Kb1 a5 20. h3 a4 21. g4 a3 22. g5 Bd8 23. b3 $1 Qb6 24. Bc4 (24. h4 $16) 24... Qb8 $2 (24... h4 $1 $14) 25. Ba6 $18 Bb6 26. Bxc8 Bxc8 27. Rhf1 Ba6 28. Rfe1 {[%emt 0:01:29] g6 is the strong threat.} Kd7 (28... Qc7 $142 29. h4 Kd8) 29. c4 bxc3 30. Nxc3 $2 {[%emt 0:01:30] Really sharp!} (30. Qxc3 $18 {and the rest is easy.} Rc8 31. Qf3) 30... Qa7 ({Black should play} 30... Ba5) 31. Rc1 Bf2 {[%emt 0:01:02] [#]} 32. Re4 (32. Re2 $142 $1 Bh4 33. f6) 32... Bd4 $16 33. Ne2 Bb2 34. Rc2 {[%emt 0:00:17] Black must now prevent h4.} ({Much weaker is} 34. Rc6 $6 Rc8 $11) 34... Bb5 (34... Bxe2 $16 {might work better.} 35. Qxe2 Qg1+ 36. Qe1 Qxg5) 35. Rxb2 (35. h4 $18 {is more deadly. And now f6 would win.} Kd8 36. Re3) 35... axb2 36. Kxb2 Qc5 {[%emt 0:03:40] [#]} (36... Bxe2 $142 37. Qxe2 Rc8) 37. Nc3 $1 $36 {[%emt 0:02:37][%mdl 2048] Threatens to win with b4. Black is under strong pressure.} h4 $2 (37... Rc8 $16) 38. b4 Qb6 39. a4 Ba6 40. b5 Bb7 41. f6 g6 42. Qg4+ Kd8 43. Rc4 Qf2+ 44. Kb3 Qg3 45. b6 {[%emt 0:00:00][%cal Oc4c8] Rc8+! would kill now.} Rh5 {[%emt 0:00:00] [#]} 46. Rc8+ $3 Bxc8 47. Qc4 {[%emt 0:00:00] White mates.} Qxh3 48. Qc7+ Ke8 49. Qe7# {[%emt 0:00:00] Weighted Error Value: White=0.22 (precise) /Black=0.59} 1-0

[Event "Czech Open-GM 2022"]
[Site "Pardubice"]
[Date "2022.07.25"]
[Round "4.22"]
[White "Goroshkov, Maksym"]
[Black "Smith, Bryan"]
[Result "1/2-1/2"]
[ECO "C07"]
[WhiteElo "2240"]
[BlackElo "2421"]
[Annotator "TA"]
[PlyCount "118"]
[EventDate "2022.07.22"]
[EventType "swiss"]
[EventCountry "CZE"]
[SourceTitle "playchess.com"]
[Source "ChessBase"]
[SourceQuality "1"]
[TimeControl "40/5400+30:1800+30"]

1. e4 e6 2. d4 d5 3. Nd2 c5 4. c3 cxd4 5. cxd4 dxe4 6. Nxe4 Bd7 {[%emt 0:03:46] C07: French Tarrasch: 3...c5, 4 Ngf3 and 4 exd5 Qxd5.} 7. Nf3 Bc6 8. Nc3 Nd7 9. Be2 Ngf6 10. O-O {[%emt 0:00:27] [#]} Be7 $146 ({Predecessor:} 10... Bd6 11. Bb5 Bxb5 12. Nxb5 Bb8 13. Bg5 h6 14. Bh4 O-O 15. Rc1 Bf4 16. Rc2 Qa5 {0-1 (36) Caglar,S (2250)-Moreno Trujillo,A (2483) Tornelo INT 2021}) 11. Bf4 O-O 12. Rc1 Qb6 13. Qb3 (13. Qc2 $11 {might be stronger.}) 13... Qxb3 $15 14. axb3 Nd5 15. Nxd5 Bxd5 16. Nd2 Rfc8 17. Bf3 Nb6 18. Nc4 Bxf3 ({Don't play} 18... Nxc4 $6 19. bxc4 Bxf3 20. gxf3 $15) 19. Nxb6 axb6 20. gxf3 Kf8 21. Rxc8+ Rxc8 $17 {[%emt 0:00:06][%mdl 4096] Endgame KRB-KRB} 22. Ra1 Bf6 23. Ra7 Bxd4 (23... g5 $5 24. Be3 Rc7 $15) 24. Rxb7 Rc2 25. Be3 e5 26. Bxd4 exd4 27. Rxb6 Rxb2 $11 {[%emt 0:03:47] KR-KR} 28. Rd6 Rb1+ (28... Rxb3 $17 {Threatens to win with ...Rb4.} 29. Rxd4 Rxf3) 29. Kg2 Rd1 30. Rd7 Ke8 31. Rc7 {[%emt 0:00:13] [#]} (31. Rd5 $11) 31... Rb1 $1 $17 32. Rc4 d3 {[%emt 0:00:21] Strongly threatening ...d2.} 33. Re4+ Kf8 34. Rd4 Rxb3 35. f4 Ke7 36. Kf3 Ke6 37. Ke3 h6 38. h3 $2 (38. h4 $17) 38... d2+ $1 $19 39. Kxd2 Rxh3 40. Ke2 g6 41. Kf1 (41. f3 $142 Rh2+ 42. Ke3) 41... Kf5 42. Kg2 Rh4 $2 (42... Ra3 $19 {and Black stays clearly on top.} 43. f3 h5) 43. Kg3 $17 Rg4+ 44. Kf3 {[%emt 0:00:06] [#] aiming for Rd5+.} Rg1 $1 45. Rd5+ Ke6 46. Ra5 h5 (46... Kf6 $17 47. Ra6+ Kg7) 47. f5+ $1 $15 gxf5 (47... Kf6 $15 48. fxg6 fxg6 49. Ra6+ Kg7) 48. Ra6+ $11 {[%emt 0:00:07] The position is equal.} Ke5 49. Rh6 $1 Rg5 50. Ke3 {[%emt 0:00:11] f4+ is the strong threat.} f4+ 51. Kf3 f6 52. Rh7 Kf5 53. Rh6 Ke6 54. Rh7 Ke5 55. Rh8 Ke6 56. Rh7 Rf5 57. Ra7 Rb5 58. Rh7 Rb3+ 59. Kxf4 Rb4+ {[%emt 0:00:11] And White is the lucky defender.  Weighted Error Value: White=0.39/Black=0.27 (precise)} 1/2-1/2

[Event "Czech Open-GM 2022"]
[Site "Pardubice"]
[Date "2022.07.25"]
[Round "4.23"]
[White "Lalic, Bogdan"]
[Black "Koziorowicz, Michal"]
[Result "1/2-1/2"]
[ECO "E97"]
[WhiteElo "2412"]
[BlackElo "2231"]
[Annotator "TA"]
[PlyCount "80"]
[EventDate "2022.07.22"]
[EventType "swiss"]
[EventCountry "CZE"]
[SourceTitle "playchess.com"]
[Source "ChessBase"]
[SourceQuality "1"]
[TimeControl "40/5400+30:1800+30"]

1. d4 Nf6 2. c4 g6 3. Nc3 Bg7 4. e4 d6 5. Nf3 O-O 6. Be2 e5 7. O-O Nc6 8. Be3 Ng4 9. Bg5 f6 10. Bh4 g5 11. Bg3 Nh6 12. dxe5 fxe5 13. h3 {[%emt 0:00:19][%cal Oc4c5] 13.Nd5 is the fancy move.} g4 {[%emt 0:04:48] E97: King's Indian: Classical Main Line (6...e5 7 0-0 Nc6): 8 Be3 and 8 d5 Ne7, not 9 Ne1.} 14. hxg4 Bxg4 15. Ne1 Be6 16. Nc2 Bf6 ({Black should play} 16... Qg5 $11) 17. Nd5 $14 Bxd5 (17... a5 $14) 18. Qxd5+ (18. exd5 Ne7 $14) 18... Kh8 {[%emt 0:00:16] [#]} 19. c5 $146 {[%emt 0:01:21] White is more active.} (19. b4 $1 $16) ({Predecessor:} 19. Rad1 Ne7 20. Qd2 Nf7 21. c5 Ng6 22. Qb4 Bh4 23. Bh2 Qg5 24. Ne1 Nf4 25. Bxf4 Qxf4 {1-0 (33) Pasko,L (2061)-Rama,L (2323) Kukes 2014}) 19... Bg5 20. cxd6 cxd6 21. Rad1 Rf6 22. Rd3 Qe7 23. a3 (23. b4 $16) 23... Rg8 $11 24. Nb4 Nxb4 25. axb4 Nf7 26. Bh5 Nd8 27. b5 Qg7 28. Qb3 (28. Bg4 $14) 28... Rh6 (28... Bf4 $1 $15 29. Qa3 Ne6 30. Rxd6 (30. Qxa7 $2 Nc5 $19) (30. Qxd6 $2 Qh6 $19) 30... Bxg3 31. fxg3 Rxf1+ 32. Kxf1 Nd4) 29. Bg4 $1 $14 Be3 30. Rxe3 Qxg4 31. Qd1 Qg7 {[%emt 0:02:48] The position is equal.} 32. Rfe1 Qg5 33. Rd3 Nf7 34. Qf3 Rf6 35. Qe2 h5 36. Rf3 Rf4 {[%emt 0:00:13][%cal Oh5h4] [#] And now ...h4! would win.} 37. Qe3 Rxf3 38. Qxf3 Nh6 39. Qe3 Qg6 {[%emt 0:00:46][%cal Oh5h4] aiming for ...h4!} 40. Qf3 ({Wrong is} 40. Qxa7 $2 h4 41. Qe3 hxg3 $19) 40... Qg5 {[%emt 0:00:05] Against Bh4.  Weighted Error Value: White=0.16 (very precise) /Black=0.16 (very precise)} 1/2-1/2

[Event "Czech Open-GM 2022"]
[Site "Pardubice"]
[Date "2022.07.25"]
[Round "4.24"]
[White "Mullick, Raahil"]
[Black "Jurcik, Marian"]
[Result "1/2-1/2"]
[ECO "B32"]
[WhiteElo "2237"]
[BlackElo "2409"]
[Annotator "TA"]
[PlyCount "53"]
[EventDate "2022.07.22"]
[EventType "swiss"]
[EventCountry "CZE"]
[SourceTitle "playchess.com"]
[Source "ChessBase"]
[SourceQuality "1"]
[TimeControl "40/5400+30:1800+30"]

1. e4 c5 2. Nf3 Nc6 3. d4 cxd4 4. Nxd4 e5 5. Nb5 d6 6. N1c3 a6 7. Na3 Be7 8. Nc4 b5 {[%emt 0:00:23] B32: Sicilian: Löwenthal and Kalashnikov Variations.} 9. Ne3 ({Of course not} 9. Qd5 Qc7 10. Ne3 b4 $15) 9... Nf6 10. Bd3 Nb4 {[%emt 0:00:14] White is slightly better.} 11. O-O O-O 12. a4 Nxd3 13. Qxd3 {[%emt 0:00:54] [#]} Bd7 $146 ({Predecessor:} 13... b4 14. Ncd5 Nxd5 15. Nxd5 a5 16. Rd1 Bg4 17. f3 Be6 18. Be3 Bg5 19. Bxg5 Qxg5 {0-1 (71) Ziechaus,L (1646)-Jankowiak,A (1998) GER email 2013}) 14. Rd1 bxa4 15. Ncd5 (15. Nxa4 $14 Be6 16. b3) 15... Nxd5 $11 16. Nxd5 Bc6 17. Bd2 Bxd5 18. Qxd5 Rb8 19. Bc3 {[%emt 0:01:15][%mdl 1024] White has compensation.} Qe8 20. Qc4 a3 $1 21. b4 (21. bxa3 $5 Rc8 22. Qd3 $11) 21... Qa4 {[%emt 0:06:27] Threatens to win with ...Rfc8.} 22. Qd3 $2 {[%emt 0:04:19] [#]} ({White should try} 22. Be1 $15) 22... Rfc8 $2 (22... a5 $1 $19 23. b5 Rxb5) 23. Ra2 Rc6 (23... a5 $15 24. bxa5 Rb5) 24. Be1 {[%emt 0:04:25] The position is equal.} Rbc8 25. Rxa3 Qxc2 26. Qxc2 Rxc2 27. Rxa6 {[%emt 0:00:12] Weighted Error Value: White=0.22 (precise) /Black=0.20 (precise)} 1/2-1/2

[Event "Czech Open-GM 2022"]
[Site "Pardubice"]
[Date "2022.07.25"]
[Round "4.25"]
[White "Redzisz, Michal"]
[Black "Hollan, Martin"]
[Result "0-1"]
[ECO "D71"]
[WhiteElo "2232"]
[BlackElo "2399"]
[Annotator "TA"]
[PlyCount "88"]
[EventDate "2022.07.22"]
[EventType "swiss"]
[EventCountry "CZE"]
[SourceTitle "playchess.com"]
[Source "ChessBase"]
[SourceQuality "1"]
[TimeControl "40/5400+30:1800+30"]

1. d4 Nf6 2. c4 g6 3. g3 Bg7 4. Bg2 O-O 5. Nc3 Nc6 6. Nf3 d5 $1 {[%emt 0:00:08] 6...d5 scores better than 6...d6.} 7. cxd5 Nxd5 8. O-O e5 {[%emt 0:07:16][%cal Re5d4] D74: Fianchetto Grünfeld: Main Line (5 Nf3 0-0 6 cxd5 Nxd5 7 0-0).} 9. Nxe5 (9. Nxd5 {is more complex.} e4 10. Ne5 Qxd5 11. Nxc6 Qxc6 12. d5) 9... Nxc3 10. Nxc6 Nxd1 {[%emt 0:00:15] The position is equal.} 11. Nxd8 Nxf2 12. Nxb7 Nh3+ {[%emt 0:48:24] [#]} 13. Bxh3 $146 (13. Kh1 $11) ({Predecessor:} 13. Kh1 Bxd4 14. Na5 Bg4 15. Nc6 Nf2+ 16. Kg1 {½-½ (16) Krishna,C (2339)-Anagnostopoulos,K (2097) Vrachati 2013}) 13... Bxh3 $15 14. Rd1 Bg4 {[%emt 0:06:27] And now ...Rfe8 would win. This bishop pair is nice.} 15. Nc5 ({White should play} 15. Rd2 $15) 15... Bxe2 16. Rd2 Bg4 (16... Rfe8 $142 $1 {Strongly threatening ...Rad8.} 17. b3 Rad8) 17. b3 $17 Rad8 18. Bb2 Bh6 19. Rc2 Be3+ 20. Kg2 Bxd4 {[%emt 0:00:23] Black is more active.} 21. Bxd4 Rxd4 22. h3 Bf5 $36 {[%emt 0:00:29][%mdl 2048] Black is in control.} 23. Re2 {[%emt 0:00:04] [#]} h5 $1 {[%emt 0:05:02] Prevents g4.} 24. Rc1 Rfd8 25. Kf2 (25. Rce1 $17) 25... Rd2 26. Nb7 {[%emt 0:00:28] [#]} R8d3 27. Rxc7 Rxe2+ 28. Kxe2 Rxg3 $19 {[%emt 0:00:14][%mdl 4096] Endgame KRB-KRN} 29. Nd6 (29. h4 {is a better defense.}) 29... Be6 ({Weaker is} 29... Rxh3 30. Nxf5 gxf5 31. Rxa7 $17) ({Not} 29... Bxh3 30. Rxa7 Bg4+ 31. Kf2 $19) 30. Rxa7 Rxh3 31. b4 $2 (31. Ne4 {might work better.} Rh2+ 32. Nf2) 31... Rh2+ {[%emt 0:02:12] Black is clearly winning.} 32. Ke3 Rb2 {[%emt 0:03:34] Hoping for ...h4.} 33. b5 (33. Ra8+ $142 Kh7 34. a3) 33... h4 34. Ra4 g5 35. Rd4 h3 36. Ne4 h2 37. Rd1 Rxb5 38. Rh1 Rb2 {[%emt 0:00:19] ...g4 is the strong threat.} 39. Nf2 Rxa2 {[%emt 0:00:27] aiming for ...f5.} 40. Rxh2 Kg7 41. Rh1 Ra3+ 42. Ke2 g4 43. Rg1 (43. Rc1 $142) 43... f5 44. Kf1 Kf6 {[%emt 0:01:51] Weighted Error Value: White=0.83/Black=0.23 (precise)} 0-1

[Event "Czech Open-GM 2022"]
[Site "Pardubice"]
[Date "2022.07.25"]
[Round "4.26"]
[White "Aradhya, Garg"]
[Black "Finek, Vaclav"]
[Result "1-0"]
[ECO "D85"]
[WhiteElo "2229"]
[BlackElo "2393"]
[Annotator "TA"]
[PlyCount "89"]
[EventDate "2022.07.22"]
[EventType "swiss"]
[EventCountry "CZE"]
[SourceTitle "playchess.com"]
[Source "ChessBase"]
[SourceQuality "1"]
[TimeControl "40/5400+30:1800+30"]

1. d4 Nf6 2. c4 g6 3. Nc3 d5 4. cxd5 Nxd5 5. e4 Nxc3 6. bxc3 Bg7 7. Nf3 c5 8. Bb5+ Bd7 9. Bxd7+ Qxd7 10. O-O O-O {[%emt 0:00:28] The main line 10...0-0 scores better than 10...cxd4.} 11. Be3 cxd4 {[%emt 0:02:12] D85: Exchange Grünfeld: Unusual White 7th moves and lines with 7 Nf3.} 12. cxd4 e6 13. Rc1 $1 Nc6 {[%emt 0:03:57] The position is equal.} 14. d5 exd5 15. exd5 Ne7 16. d6 Nc6 {[%emt 0:00:20] [#]} 17. Qd5 $146 ({Predecessor:} 17. Qd2 Rfe8 18. Bf4 Rad8 19. Rfe1 h6 20. h4 Bf8 21. a3 Rxe1+ 22. Rxe1 Qf5 23. Bg3 {1-0 (43) Sueess,F (2108)-Epinoux,J (2071) ICCF email 2009}) 17... Rad8 18. Rfd1 Rfe8 19. Bg5 {[%emt 0:01:43] White is more active.} Rc8 20. h4 Re6 21. h5 h6 22. Bf4 g5 23. Bg3 Rce8 24. Kh2 Re2 25. Rb1 Kh8 26. Ng1 (26. Rdc1 $1 $14) 26... R2e4 27. Qb5 f5 $1 {[%emt 0:06:01] White must now prevent ...f4.} 28. f3 (28. Qxb7 Qxb7 29. Rxb7 f4 $17) 28... Rd4 29. Rxd4 Bxd4 30. Nh3 (30. Qxb7 Qxb7 31. Rxb7 f4 32. Bxf4 gxf4 $17) 30... b6 31. Rd1 $36 {[%emt 0:02:34][%mdl 2048] White fights for an advantage.} Be3 {[%emt 0:03:24][%mdl 8192] Loses the game.} (31... f4 $1 $14 32. Bf2 (32. Rxd4 a6 $15) 32... Be5) 32. Qb2+ $18 Kh7 33. Qf6 {[%emt 0:00:38] [#] Prevents Rf8. And now Qg6+ would win.} Rg8 {[%emt 0:01:01] Inhibits Qg6+.} 34. Bf2 Bxf2 35. Nxf2 Rg7 (35... g4 $142 36. fxg4 fxg4) 36. Rc1 g4 37. fxg4 Rg5 38. Nh3 Rxg4 {[%emt 0:00:07] [#]} 39. Rxc6 $1 Rxg2+ (39... Qxc6 40. Qxf5+) 40. Kxg2 Qxc6+ 41. Kg3 Qb5 42. Qf7+ Kh8 43. Nf4 {[%emt 0:00:17][%cal Rf4g6] White mates.} Qe5 44. Qf8+ Kh7 45. Qe7+ {[%emt 0:00:00] Weighted Error Value: White=0.21 (precise) /Black=0.47} ({Not} 45. d7 Qe3+ 46. Kg2 Qe4+ 47. Kg1 (47. Kg3 Qe3+ 48. Kg2 Qe4+ 49. Kg1 Qe3+ 50. Kg2 $16) 47... Qe3+ 48. Kg2 (48. Kh1 Qf3+ 49. Kg1 Qe3+ 50. Kh1 Qf3+ 51. Kg1 Qe3+ $16) 48... Qe4+ 49. Kg1 (49. Kg3 Qe3+ 50. Kg2 $16) 49... Qe3+ 50. Kh1 Qf3+ 51. Kg1 Qe3+ $16) 1-0

[Event "Czech Open-GM 2022"]
[Site "Pardubice"]
[Date "2022.07.25"]
[Round "4.27"]
[White "Ludvik, Tomas"]
[Black "Klabis, Rokas"]
[Result "0-1"]
[ECO "E11"]
[WhiteElo "2223"]
[BlackElo "2382"]
[Annotator "TA"]
[PlyCount "140"]
[EventDate "2022.07.22"]
[EventType "swiss"]
[EventCountry "CZE"]
[SourceTitle "playchess.com"]
[Source "ChessBase"]
[SourceQuality "1"]
[TimeControl "40/5400+30:1800+30"]

1. d4 Nf6 2. c4 e6 3. Nf3 Bb4+ 4. Nbd2 d5 5. Qa4+ Nc6 6. a3 Be7 7. g3 {[%emt 0:04:33] E11: Bogo-Indian.} O-O 8. Bg2 a5 9. O-O {[%emt 0:01:18] The position is equal.} Bd7 10. Qc2 a4 11. Rd1 Na5 12. Ne5 Be8 13. Rb1 {[%emt 0:02:11] [#]} Nd7 $146 ({Predecessor:} 13... Qb8 14. e4 Nb3 15. cxd5 Nxd4 16. Qd3 c5 17. Ndf3 Bb5 18. Qe3 exd5 19. Nxd4 cxd4 20. Qxd4 dxe4 {1-0 (39) Allen,A-Viner,P (2215) Melbourne 1991}) 14. Nxd7 Qxd7 15. cxd5 exd5 16. b4 axb3 17. Nxb3 b6 18. Nxa5 Rxa5 19. Bf4 Bd6 20. Bxd6 Qxd6 21. Rdc1 Ra7 22. Qf5 Bc6 23. Rc3 Rd8 24. Qe5 Be8 25. Qxd6 Rxd6 26. Rbc1 Rd7 27. e3 Kf8 28. h4 f6 29. Bf3 Bf7 30. Be2 Re7 31. Bb5 Be8 32. Bd3 (32. a4 $5) 32... g6 33. Rb1 Kf7 34. Be2 Ke6 35. Bf3 Kd6 36. Be2 Bd7 37. Bd3 Re8 38. Kg2 Rea8 39. Rbb3 Bc8 40. Kf1 (40. Bb5 $11) 40... Ba6 $15 41. Ke2 Bc4 ({Black should try} 41... h5 $15) 42. Bxc4 $11 dxc4 43. Rxc4 Rxa3 44. Rxa3 Rxa3 {[%emt 0:00:00][%mdl 4096] Endgame KR-KR} 45. Rc2 Ra5 46. e4 c5 47. dxc5+ Rxc5 48. Rd2+ Kc7 49. Ke3 b5 50. Kd4 Kc6 51. Ra2 {[%emt 0:00:00] [#] Threatens to win with Ra6+.} Rc4+ 52. Kd3 Ra4 {[%emt 0:00:00] Inhibits Ra6+.} 53. Rc2+ Kd6 54. Rc8 Ra2 55. Ke3 b4 56. f4 Ra3+ 57. Kf2 h5 (57... Ra5 $5 ) 58. Rb8 b3 59. Kg2 Kc5 {[%emt 0:01:00] [#] Strongly threatening ...Kd4.} 60. Kh3 $2 {[%emt 0:01:07][%mdl 8192] This move loses the game for White.} (60. e5 $11) 60... Kd4 $19 61. Rb6 Kc3 62. Rc6+ Kd3 63. Rd6+ Kc4 {[%emt 0:01:49] ( -> ...b2)} 64. Rb6 Ra5 {[%emt 0:00:44] Black mates.} 65. g4 Rb5 66. Rc6+ Kd4 67. Rc1 b2 68. Rb1 Kxe4 69. g5 fxg5 70. fxg5 Kd3 {[%emt 0:00:14] Weighted Error Value: White=0.22 (precise) /Black=0.07 (flawless)} 0-1

[Event "Czech Open-GM 2022"]
[Site "Pardubice"]
[Date "2022.07.25"]
[Round "4.28"]
[White "Luch, Michal"]
[Black "Luberanski, Jakub"]
[Result "1-0"]
[ECO "D11"]
[WhiteElo "2375"]
[BlackElo "2241"]
[Annotator "TA"]
[PlyCount "81"]
[EventDate "2022.07.22"]
[EventType "swiss"]
[EventCountry "CZE"]
[SourceTitle "playchess.com"]
[Source "ChessBase"]
[SourceQuality "1"]
[TimeControl "40/5400+30:1800+30"]

1. d4 d5 2. c4 c6 3. Nf3 Nf6 4. Qc2 dxc4 5. Qxc4 Bf5 6. g3 e6 7. Bg2 Be7 8. O-O {[%emt 0:00:08] D23: Queen's Gambit Accepted: 3 Nf3 Nf6 sidelines.} O-O 9. Nbd2 a5 10. Qb3 {[%emt 0:05:34] The position is equal.} Ra7 {[%emt 0:00:18] [#]} 11. Re1 $146 ({Predecessor:} 11. Nc4 a4 12. Qd1 h6 13. Bf4 Na6 14. Rc1 Nb4 15. a3 Nbd5 16. Be5 Ra8 17. Nfd2 {1-0 (39) Mishra,A (2517)-Homa,S (2276) Charlotte 2021}) 11... a4 12. Qd1 Ne4 ({Black should play} 12... Bg6 $11) 13. Nh4 $14 Nxd2 14. Nxf5 exf5 15. Qxd2 Bf6 16. Qc2 g6 17. Rd1 Nd7 18. Be3 Ra6 19. d5 c5 ({Weaker is} 19... a3 20. dxc6 axb2 21. Rab1 (21. c7 bxa1=R 22. cxd8=R Rxd1+ 23. Qxd1 Rxd8 $14) 21... bxc6 22. Qc4 $16 (22. Qd3 Rxa2 23. Bd4 Bxd4 $15)) 20. Rac1 Re8 21. Bxc5 Nxc5 22. Qxc5 Bxb2 23. Rc2 Be5 24. e3 Qb6 25. Bf1 Bd6 26. Qb5 Re7 27. Rc8+ Kg7 28. Qd3 $36 {[%emt 0:04:27][%mdl 2048] White has some pressure.} Ra5 $2 (28... Be5 $14) 29. Rb1 $18 Qa7 30. Qc3+ Be5 (30... f6 $142 31. Rd8 Bc7) 31. d6 $2 (31. Qb4 $18 b6 32. Bb5) 31... Rd7 {[%emt 0:01:44] [#]} (31... Bxc3 $11 {keeps the balance.} 32. dxe7 Re5) 32. Rg8+ $1 $16 Kxg8 33. Qc8+ Kg7 34. Qxd7 {[%emt 0:00:02] White is more active.} Qc5 35. Rxb7 Qd5 36. Qc8 {[%emt 0:02:31] And now d7 would win.} Qxd6 {[%emt 0:02:43][%mdl 8192] [#]} (36... Bxd6 $16 37. Bc4 Rc5 38. Bxd5 Rxc8) 37. Bc4 $1 $18 ({Less strong is} 37. Qe8 Qf8 38. Qd7 Rc5 $16) 37... Rd5 38. Qe8 Rd1+ 39. Kg2 Kh6 40. Qxf7 Qc6+ 41. Kh3 {[%emt 0:30:16] Weighted Error Value: White=0.27 (precise) /Black=0.39} 1-0

[Event "Czech Open-GM 2022"]
[Site "Pardubice"]
[Date "2022.07.25"]
[Round "4.29"]
[White "Nemec, Jachym"]
[Black "Paseka, Matyas"]
[Result "1-0"]
[ECO "A01"]
[WhiteElo "2357"]
[BlackElo "2218"]
[Annotator "TA"]
[PlyCount "133"]
[EventDate "2022.07.22"]
[EventType "swiss"]
[EventCountry "CZE"]
[SourceTitle "playchess.com"]
[Source "ChessBase"]
[SourceQuality "1"]
[TimeControl "40/5400+30:1800+30"]

1. b3 Nf6 2. Bb2 g6 3. Nf3 Bg7 4. g3 d6 5. d4 O-O 6. Bg2 c5 7. c4 Nc6 {[%emt 0:00:57] 7...Ne4 might become the main line.} 8. d5 {[%emt 0:02:17] E60: King's Indian: Unusual lines and Fianchetto Variation without Nc3.} Na5 9. O-O a6 10. Nbd2 {[%emt 0:07:53] White is slightly better.} b5 11. e4 Rb8 12. e5 {[%emt 0:00:59] [#]} Nd7 $146 ({Predecessor:} 12... Ne8 13. Bc3 e6 14. Rc1 b4 15. Ba1 exd5 16. cxd5 Bb7 17. Ne4 dxe5 18. Rxc5 f6 {1-0 (39) Hardarson,P (2061)-Mai,A (2094) Reykjavik 2020}) 13. Qe1 ({Better is} 13. Re1 $14) 13... bxc4 $11 14. exd6 exd6 (14... Bxb2 $2 15. dxe7 Qb6 16. e8=Q (16. exf8=B Nxf8 17. Ne5 c3 $18) (16. Nxc4 Nxc4 17. exf8=N Nxf8 $16) 16... Rxe8 17. Qxe8+ Nf8 18. Ng5 $18 (18. bxc4 Bf5 $18) (18. Nxc4 Nxc4 19. bxc4 Bf5 $16)) 15. Bxg7 Kxg7 16. bxc4 Re8 ({Black should play} 16... Rb4 $11) 17. Qc1 $14 Nf6 18. Qc3 Nb7 19. Rab1 {[%emt 0:03:33] White is more active.} Bf5 20. Rb3 Qa5 (20... Kg8 $16 {was necessary.} 21. Qb2 Bc8) 21. Qb2 $18 Qc7 22. Nh4 Na5 23. Nxf5+ gxf5 24. Rxb8 Qxb8 25. Qc2 Re2 {[%emt 0:08:19] [#] And now ...Qb4 would win.} 26. Qxf5 {[%emt 0:00:34] Strongly threatening Qg5+.} h6 {[%emt 0:00:11] Prevents Qg5+.} (26... Qb2 {was worth a try.} 27. Rd1 (27. Ne4 Qe5 $16) 27... h6) 27. Ne4 Rxe4 28. Bxe4 Nxc4 29. Bg2 {[%emt 0:04:55] Hoping for Qd3.} Qb2 30. Qb1 {[%emt 0:03:38] aiming for Qxb2.} Qa3 (30... Qd2 31. Qc1 Qe2) 31. Qb3 Qxb3 32. axb3 {[%emt 0:00:03][%mdl 4096] Endgame KRB-KNN} Nd2 33. Ra1 Nxb3 34. Rxa6 Ne8 35. f4 Kf6 36. Kf2 Ke7 37. Ra7+ Kf6 38. Ke3 Nd4 39. Rb7 h5 40. Be4 Kg7 41. h3 Kf8 42. Rd7 Nb5 43. Rb7 $2 (43. Bd3 $18 Nd4 44. Kd2) 43... Nc3 (43... Nd4 $11 44. Rd7 Nb5) 44. Bf3 (44. Rb3 $142 Nxe4 45. Kxe4) 44... Nf6 45. Kd3 Ncxd5 46. Bxd5 Nxd5 {[%emt 0:00:00] KR-KN} 47. Rd7 Ne7 48. Rxd6 Nf5 49. Rd8+ Kg7 50. g4 hxg4 51. hxg4 Nh6 52. Rd5 f6 53. g5 fxg5 54. Rxg5+ Kf6 55. Rxc5 Nf7 56. Ke4 Nd6+ 57. Kf3 Nf7 58. Ra5 Kg6 59. Rc5 Kf6 60. Rb5 {[%emt 0:00:00] White mates.} Kg6 61. Ra5 Kf6 62. Rc5 Ke6 63. Kg4 Kf6 64. Rc6+ Kg7 65. Kf5 Nh6+ {[%emt 0:01:21] [#]} 66. Rxh6 $1 Kxh6 67. Ke4 {Weighted Error Value: White=0.25 (precise) /Black=0.43} 1-0